Map: Golden Wall LE

Players

Astrea

  • Race: Protoss Protoss
  • League: Master
  • Spawn Location: 7:00

Neeb - Winner!

  • Race: Protoss Protoss
  • League: Master
  • Spawn Location: 5:00

Event: DreamHack SC2 Masters 2020 Fall

VOD

Have the link to the VOD?

Description

Time

  • Played on: Sept. 12, 2020, 6:20 p.m.
  • Length: 11:51

All games in this series

Show
View Real Time Build Order
Export as new Build Order

Astrea Protoss 

Build Orders: Phoenix Opening 

Get SALT Encoding   

  12  0:00  Probe  
  13  0:12  Probe  
  14  0:17  Pylon  
  14  0:24  Probe (Chrono Boost)  
  15  0:36  Probe (Chrono Boost)  
  15  0:37  Gateway  
  16  0:44  Probe (Chrono Boost)  
  16  0:48  Assimilator  
  17  0:51  Probe  
  18  0:59  Assimilator  
  18  1:03  Probe (Chrono Boost)  
  19  1:07  Pylon  
  19  1:14  Probe (Chrono Boost)  
  20  1:19  Probe (Chrono Boost)  
  20  1:25  Cybernetics Core  
  21  1:30  Probe  
  22  1:37  Pylon  
  22  1:42  Probe  
  23  1:55  Probe  
  24  2:02  Warp Gate, Adept (Chrono Boost)  
  24  2:08  Probe  
  27  2:14  Nexus  
  27  2:23  Probe  
  28  2:32  Stargate  
  28  2:33  Adept (Chrono Boost)  
  28  2:37  Probe  
  30  2:43  Pylon  
  30  2:49  Probe  
  31  3:01  Probe  
  32  3:13  Probe  
  32  3:14  Phoenix (Chrono Boost)  
  35  3:25  Probe  
  35  3:26  Probe  
  37  3:31  Phoenix (Chrono Boost)  
  39  3:37  Probe  
  39  3:38  Probe  
  39  3:49  Probe  
  39  3:50  Probe  
  39  3:53  Phoenix (Chrono Boost)  
  43  4:01  Probe  
  44  4:02  Probe  
  45  4:10  Phoenix (Chrono Boost)  
  45  4:14  Probe  
  45  4:15  Probe  
  49  4:17  Stalker  
  51  4:26  Probe  
  51  4:27  Probe  
  51  4:30  Phoenix (Chrono Boost)  
  51  4:38  Probe  
  48  4:39  Probe  
  48  4:40  Stalker  
  48  4:45  Robotics Facility  
  51  4:51  Phoenix  
  54  4:54  Probe (Chrono Boost)  
  54  4:56  Pylon  
  54  5:04  Probe (Chrono Boost)  
  54  5:06  Probe (Chrono Boost)  
  52  5:11  Stalker  
  52  5:13  Probe (Chrono Boost)  
  54  5:18  Probe (Chrono Boost)  
  50  5:25  Probe (Chrono Boost)  
  52  5:32  Probe (Chrono Boost)  
  52  5:33  Probe (Chrono Boost)  
  53  5:39  Probe  
  53  5:40  Probe  
  53  5:42  Immortal (Chrono Boost)  
  53  5:46  Sentry  
  57  5:51  Probe  
  57  5:52  Probe  
  57  5:54  Shield Battery  
  59  6:01  Gateway  
  59  6:03  Probe  
  60  6:04  Probe  
  60  6:10  Pylon  
  61  6:14  Observer (Chrono Boost)  
  62  6:18  Pylon  
  62  6:20  Shield Battery  
  62  6:24  Observer  
  62  6:28  Stalker, Probe x2  
  62  6:31  Immortal (Chrono Boost)  
  70  6:33  Assimilator  
  70  6:40  Probe x2  
  70  6:43  Pylon  
  72  6:52  Probe x2  
  72  6:53  Observer  
  74  7:00  Immortal (Chrono Boost)  
  74  7:07  Pylon  
  74  7:08  Pylon  
  78  7:16  Pylon  
  78  7:25  Probe  
  78  7:27  Zealot x2  
  81  7:34  Immortal (Chrono Boost)  
  83  7:38  Gateway  
  83  7:43  Pylon  
  83  7:44  Forge  
  83  7:46  Twilight Council  
  83  7:49  Zealot x2  
  86  8:01  Pylon  
  86  8:02  Pylon  
  86  8:19  Immortal (Chrono Boost)  
  84  8:22  Zealot x2  
  86  8:27  Probe  
  86  8:28  Probe  
  86  8:33  Zealot, Protoss Ground Weapons Level 1 (Chrono Boost)  
  86  8:37  Blink  
  86  8:39  Dark Shrine  
  81  8:43  Assimilator  
  81  8:47  Zealot x2  
  84  8:51  Shield Battery  
  84  8:53  Gateway  
  84  8:54  Gateway  
  84  8:55  Immortal (Chrono Boost)  
  88  9:11  Zealot x3  
  88  9:16  Shield Battery  
  92  9:30  Gateway  
  92  9:32  Pylon x2  
  92  9:40  Pylon  
  92  9:50  Immortal (Chrono Boost)  
  96  9:56  Dark Templar x3  
  102  10:01  Sentry, Dark Templar  
  106  10:15  Pylon  
  106  10:26  Warp Prism (Chrono Boost)  
  106  10:34  Zealot x5  
  116  10:57  Dark Templar  
  118  11:15  Archon, Pylon  
  114  11:20  Stalker x2  
  110  11:29  Dark Templar x3  
  86  11:43  Archon  
Show
View Real Time Build Order
Export as new Build Order

Neeb Protoss - Winner!

Build Orders: Oracle Opening 

Get SALT Encoding   

  12  0:00  Probe  
  13  0:12  Probe  
  14  0:18  Pylon  
  14  0:24  Probe (Chrono Boost)  
  15  0:36  Probe (Chrono Boost)  
  15  0:39  Gateway  
  16  0:45  Probe (Chrono Boost)  
  16  0:47  Assimilator  
  17  0:51  Probe  
  18  1:03  Probe (Chrono Boost)  
  19  1:06  Assimilator  
  19  1:14  Probe (Chrono Boost)  
  20  1:19  Probe (Chrono Boost)  
  20  1:25  Pylon  
  21  1:26  Zealot  
  21  1:28  Cybernetics Core  
  23  1:43  Probe  
  25  2:03  Adept (Chrono Boost)  
  25  2:06  Nexus  
  26  2:13  Warp Gate, Probe  
  27  2:24  Adept  
  27  2:25  Probe  
  30  2:31  Pylon  
  30  2:42  Stargate  
  30  2:44  Probe  
  30  2:51  Shield Battery  
  30  2:57  Probe  
  31  3:02  Stalker  
  33  3:09  Probe (Chrono Boost)  
  33  3:12  Shield Battery  
  35  3:20  Probe (Chrono Boost)  
  36  3:27  Oracle (Chrono Boost), Probe (Chrono Boost)  
  36  3:30  Probe (Chrono Boost)  
  41  3:34  Probe (Chrono Boost)  
  41  3:35  Probe (Chrono Boost)  
  42  3:45  Probe  
  42  3:47  Probe  
  42  3:51  Gateway  
  42  3:57  Probe  
  42  3:59  Probe  
  42  4:00  Oracle  
  47  4:05  Stalker  
  49  4:11  Twilight Council  
  49  4:13  Probe  
  49  4:14  Probe  
  51  4:25  Probe  
  51  4:26  Probe  
  51  4:36  Stalker  
  51  4:37  Probe  
  51  4:38  Probe  
  51  4:39  Blink (Chrono Boost)  
  51  4:40  Gateway  
  51  4:42  Pylon  
  52  4:49  Probe  
  52  4:50  Probe  
  54  4:53  Pylon  
  54  4:56  Assimilator  
  54  5:01  Pylon  
  53  5:12  Gateway  
  53  5:15  Gateway  
  53  5:21  Gateway x2  
  50  5:22  Stalker x2  
  53  5:29  Probe x2  
  51  5:36  Stalker  
  51  5:40  Pylon  
  51  5:41  Probe x2  
  51  5:48  Stalker  
  51  5:49  Stalker  
  55  5:53  Probe  
  55  5:57  Probe  
  56  6:05  Probe  
  56  6:11  Stalker x3  
  63  6:19  Probe  
  63  6:20  Charge  
  63  6:22  Probe  
  65  6:29  Pylon  
  65  6:47  Stalker x5  
  75  7:01  Probe  
  75  7:02  Probe  
  75  7:07  Gateway  
  77  7:22  Stalker x6  
  81  7:45  Templar Archives  
  81  7:49  Zealot x2  
  85  7:52  Pylon  
  85  7:56  Zealot, Pylon  
  85  7:57  Pylon  
  83  8:20  Zealot x7  
  79  8:40  High Templar x2, Nexus  
  79  8:42  High Templar  
  79  8:44  Zealot x3, High Templar  
  89  8:48  Archon x2  
  89  8:49  Probe x2  
  89  8:55  Forge  
  91  9:02  Probe  
  92  9:03  Probe  
  92  9:06  Pylon  
  93  9:20  Probe  
  93  9:23  Zealot x5, High Templar x2  
  108  9:25  Protoss Ground Weapons Level 1 (Chrono Boost)  
  108  9:26  Pylon, Probe  
  108  9:30  Photon Cannon  
  109  9:33  Archon  
  109  9:37  Probe  
  110  9:39  Probe  
  109  9:49  Probe  
  109  9:51  Probe  
  103  9:53  Probe  
  104  10:02  Probe  
  104  10:03  Probe  
  104  10:04  Robotics Facility, Shield Battery  
  104  10:05  Probe  
  107  10:09  Sentry  
  107  10:12  Assimilator  
  107  10:13  Assimilator  
  109  10:14  Pylon  
  109  10:16  Zealot x4  
  117  10:33  Zealot  
  117  10:34  Zealot x2  
  123  10:40  Photon Cannon  
  123  10:42  Photon Cannon  
  113  10:51  Zealot, Observer (Chrono Boost)  
  113  10:52  Zealot x3  
  120  11:03  Zealot  
  120  11:04  Zealot  
  120  11:14  High Templar  
  120  11:15  High Templar x2, Pylon  
  120  11:16  High Templar  
  126  11:19  Archon  
  126  11:20  Archon  
  126  11:25  Stalker x2  

Tags
 
Add a new tag
Caveats
  • Supply blocks, unpowered buildings, or Contaminate may cause inaccurate times.
  • Supply counts are checked every 10 seconds.